 Dungeon Crawl Stone Soup version 0.28-a0-863-g8cecda6153 (webtiles) character file.

Game seed: 631869433750726516

112 siradein the Chopper (level 4, 0/34 HPs)
             Began as a Demonspawn Gladiator on Nov 17, 2021.
             Succumbed to a gnoll's poison
             ... on level 3 of the Dungeon.
             The game lasted 00:03:50 (2778 turns).

siradein the Chopper (Demonspawn Gladiator)         Turns: 2778, Time: 00:03:51

Health: 0/34       AC:  4    Str: 14    XL:     4   Next: 64%
Magic:  4/4        EV: 13    Int: 10    God:
Gold:   108        SH:  0    Dex: 15    Spells: 3/3 levels left

rFire   . . .      SeeInvis .   a - +0 war axe
rCold   . . .      Faith    .   (no shield)
rNeg    . . .      Spirit   .   b - +0 leather armour
rPois   .          Reflect  .   c - +0 helmet
rElec   .          Harm     .   (no cloak)
rCorr   .          Rampage  .   (no gloves)
Will    .....                   (no boots)
Stlth   +.........              (no amulet)
HPRegen 0.11/turn               (no ring)
MPRegen 0.09/turn               (no ring)

@: lethally poisoned (0 -> -17)
A: powered by pain 1, sturdy frame 1
a: no special abilities


You were on level 3 of the Dungeon.
You visited 1 branch of the dungeon, and saw 3 of its levels.

You collected 108 gold pieces.

Inventory:

Hand Weapons
 a - a +0 war axe (weapon)
Missiles
 d - 3 throwing nets (quivered)
 n - 6 poisoned darts
Armour
 b - a +0 leather armour (worn)
 c - a +0 helmet (worn)
Scrolls
 f - 2 scrolls of magic mapping {unknown}
 g - a scroll of identify {unknown}
 h - a scroll of fog {unknown}
 i - a scroll of enchant weapon {unknown}
 k - a scroll of fear {unknown}
 m - a scroll of noise {unknown}
Potions
 e - 2 potions of curing {unknown}
 j - a potion of might {unknown}
 l - 2 potions of invisibility {unknown}


   Skills:
 + Level 2.9 Fighting
 + Level 3.4 Axes
 + Level 2.6 Throwing
 + Level 3.3 Dodging


You had 3 spell levels left.
You didn't know any spells.
Your spell library contained the following spells:

 Spells                   Type           Power      Damage    Failure   Level
 Sandblast                Erth           0%         2d4       36%         1
 Passwall                 Tmut/Erth      0%         N/A       52%         2
 Stone Arrow              Conj/Erth      0%         3d7       75%         3


Dungeon Overview and Level Annotations

Branches:
Dungeon (3/15)

Altars:


Innate Abilities, Weirdness & Mutations

You sometimes gain a little power by taking damage.
Your movements are slightly less encumbered by armour. (ER -2)


Message History

The ball python bites you. The ball python constricts you.
You hit the ball python.
You kill the ball python!
No target in view!
No target in view!
You open the large door.
A hobgoblin and a gnoll come into view.
The gnoll is wielding a +2 spear of venom.
Found 20 stones, a yellow potion and 9 gold pieces.
There are monsters nearby!
There are monsters nearby!
There are monsters nearby!
There are monsters nearby!
The gnoll shouts!
There is a large open door here.
The hobgoblin shouts!
The gnoll hits you with a +2 spear of venom.
You are poisoned.
You hit the gnoll but do no damage. You hit the hobgoblin.
You feel very sick. The hobgoblin barely misses you. The gnoll misses you.
You hit the hobgoblin.
You kill the hobgoblin!
You closely miss the gnoll.
You feel sick.
The gnoll hits you with a +2 spear of venom.
You are more poisoned.
You slash the gnoll!
The gnoll is almost dead.
You feel very sick.
The gnoll hits you with a +2 spear of venom.
You are lethally poisoned!
The gnoll barely misses you.
You are too injured to fight recklessly!
You are too injured to fight recklessly!
You are too injured to fight recklessly!
You slash the gnoll!
You kill the gnoll!
* * * LOW HITPOINT WARNING * * *
You feel extremely sick.
You die...

#.....#
#.......####
#.....#
#..........#
#.....#
#.......##.#
#.....#
##########.#
#.....#
#≈≈≈≈≈≈≈≈#.#
#.......
#≈≈≈..≈≈≈#.#
#######..
#≈≈♣..♣≈≈#.#
..
+...!(†..'.#
+....$@..'.#
#≈≈♣..♣≈≈###
≈≈≈..≈≈≈#
#≈≈≈≈≈≈≈≈#
##########


There were no monsters in sight!

Vanquished Creatures
  Jessica (D:3)
  2 gnolls
  3 worms
  2 orcs (D:3)
  7 ball pythons
  5 bats
  5 endoplasms
  2 giant cockroaches
  5 goblins
  3 hobgoblins
  5 jackals
  5 kobolds (D:1)
  A quokka (D:1)
  A ball python skeleton (D:3)
  3 frilled lizards
  2 rats
52 creatures vanquished.

Notes
Turn   | Place    | Note
-------+----------+-------------------------------------------
     0 | D:1      | siradein the Demonspawn Gladiator began the quest for the
                  | Orb.
     0 | D:1      | Reached XP level 1. HP: 16/16 MP: 1/1
   224 | D:1      | Gained mutation: You sometimes gain a little power by
                  | taking damage. [demonic ancestry]
   224 | D:1      | Reached XP level 2. HP: 15/22 MP: 2/2
   691 | D:1      | Reached XP level 3. HP: 14/28 MP: 3/3
  2053 | D:3      | Gained mutation: Your movements are slightly less
                  | encumbered by armour. (ER -2) [demonic ancestry]
  2053 | D:3      | Reached XP level 4. HP: 21/34 MP: 4/4
  2212 | D:3      | Noticed Jessica
  2221 | D:3      | Killed Jessica
  2778 | D:3      | Succumbed to a gnoll's poison

Illustrated notes

Levels and vault maps discovered:
D:1:      eino_arrival_water_cross, layout_basic
D:2:      layout_rooms, serial_bayou_pond_a
D:3:      minmay_chambers_of_twos, layout_basic, kennysheep_generic_room_5,
          uniq_jessica

Skill      XL: |  1  2 |
---------------+-------+-----
Throwing       | 2 |  2.6
Axes           | 3 |  3.4
Dodging        | 3 |  3.3
Fighting       | |  2.9

Action                   |  1- 3 |  4- 6 || total
-------------------------+-------+-------++-------
Melee: War axe           |   141 |    23 ||   164
Armor: Leather armour    |    65 |     2 ||    67
Dodge: Dodged            |   129 |    13 ||   142

Table legend: (Time is in decaauts)
 A = Elapsed time spent in this place.
 B = Non-inter-level travel time spent in this place.
 C = Inter-level travel time spent in this place.
 D = Time resting spent in this place.
 E = Time spent auto-exploring this place.
 F = Levels seen in this place.
 G = Mean time per level.
                   A        B        C        D        E       F      G
               +--------+--------+--------+--------+--------+-----+--------+
         Total |   2834 |   2803 |     31 |      0 |   2398 |   3 |  944.7 |
       Dungeon |   2834 |   2803 |     31 |      0 |   2398 |   3 |  944.7 |
               +--------+--------+--------+--------+--------+-----+--------+

Top non-repeatable levels by time:
     D:1: 1221 daAuts
     D:3: 1119 daAuts
     D:2: 493 daAuts
